 Dungeon Crawl Stone Soup version 0.25-b1-46-gb8a1ec0 (webtiles) character file.

Game seed: 15888896916879986152

126 warriortoast the Skirmisher (level 5, -2/34 HPs)
             Began as a Gargoyle Fighter on June 10, 2020.
             Was an Initiate of Okawaru.
             Slain by an ogre
             ... wielding a +0 giant club
              (6 damage)
             ... on level 4 of the Dungeon.
             The game lasted 00:06:12 (2755 turns).

warriortoast the Skirmisher (Gargoyle Fighter)      Turns: 2755, Time: 00:06:12

Health: -2/34      AC: 12    Str: 20    XL:     5   Next: 9%
Magic:  5/5        EV:  7    Int:  9    God:    Okawaru [......]
Gold:   204        SH:  9    Dex:  9    Spells: 4/4 levels left

rFire    . . .     SeeInvis .   a - +0 war axe
rCold    . . .     Gourm    .   c - +0 kite shield
rNeg     + . .     Faith    .   b - +0 scale mail
rPois    ∞         Spirit   .   k - +0 helmet (curse)
rElec    +         Reflect  .   (no cloak)
rCorr    .         Harm     .   (no gloves)
MR       .....                  (no boots)
Stlth    +.........             (no amulet)
HPRegen  0.11/turn              m - ring of stealth
MPRegen  0.09/turn              w - ring of poison resistance

@: no status effects
A: negative energy resistance 1, electricity resistance, unbreathing,
petrification resistance, rot immunity, AC +4
a: Renounce Religion


You were on level 4 of the Dungeon.
You worshipped Okawaru.
Okawaru was noncommittal.
You were not hungry.

You visited 1 branch of the dungeon, and saw 4 of its levels.

You collected 204 gold pieces.

Inventory:

Hand Weapons
 a - a +0 war axe (weapon)
Missiles
 o - 6 atropa-tipped darts
 v - 9 poisoned darts (quivered)
Armour
 b - a +0 scale mail (worn)
 c - a +0 kite shield (worn)
 k - a cursed +0 helmet (worn)
Jewellery
 m - a ring of stealth (left hand)
 w - a ring of poison resistance (right hand)
Scrolls
 e - a scroll of noise {unknown}
 h - 2 scrolls of teleportation {unknown}
 i - 5 scrolls of identify {unknown}
 n - a scroll of remove curse {unknown}
 u - a scroll of blinking {unknown}
Potions
 d - 2 potions of might
 g - a potion of flight {unknown}
 j - 2 potions of resistance {unknown}
 l - a potion of experience {unknown}
 p - a potion of heal wounds {unknown}
 q - a potion of haste {unknown}
 s - a potion of magic {unknown}
 t - a potion of lignification {unknown}
Comestibles
 f - 6 rations


   Skills:
 + Level 4.9 Fighting
 + Level 3.4 Axes
 - Level 3.2 Armour
 - Level 3.2 Shields


You had 4 spell levels left.
You didn't know any spells.
Your spell library was empty.

Dungeon Overview and Level Annotations

Branches:
Dungeon (4/15)
 Temple: D:4-7

Altars:
Hepliaklqana
Kikubaaqudgha
Okawaru
Vehumet
Xom


Innate Abilities, Weirdness & Mutations

You are resistant to torment.
Your stone body is resilient. (AC +4)
You are immune to poison.
You resist negative energy. (rN+)
You are resistant to electric shocks. (rElec)
You can survive without breathing.
You are immune to petrification.
You are immune to rotting.


Message History

You kill the adder!
Okawaru accepts your kill.
No target in view!
An ogre comes into view. It is wielding a +0 giant club.
The ogre shouts!
The ogre hits you but does no damage.
You hit the ogre.
The ogre is lightly wounded.
You block the ogre's attack.
You closely miss the ogre.
The ogre is lightly wounded.
The ogre hits you with a +0 giant club!
You slash the ogre!
The ogre is moderately wounded.
The ogre hits you with a +0 giant club!!
Ouch! That really hurt!
* * * LOW HITPOINT WARNING * * *
You are too injured to fight recklessly!
The ogre hits you with a +0 giant club.
You die...

#### ... #####
###.######...#
#..........#.#
#.#.######O@.#
#. ##.## #.
###.##### #.
#.......# #.
#.#.###.# ..
#.#.# #.# ##
#...# #.#
#..####.#
##.......#


You could see an ogre.

Vanquished Creatures
  2 adders (D:4)
  An ooze (D:2)
  An adder zombie (D:4)
  3 worms
  A dart slug (D:1)
  3 leopard geckos
  8 orcs
  8 bats
  3 giant cockroaches
  10 hobgoblins
  13 kobolds
  A ball python (D:3)
  3 frilled lizards
  10 goblins
  7 rats
74 creatures vanquished.

Notes
Turn   | Place    | Note
-------+----------+-------------------------------------------
     0 | D:1      | warriortoast the Gargoyle Fighter began the quest for the
                  | Orb.
     0 | D:1      | Reached XP level 1. HP: 14/14 MP: 1/1
   337 | D:1      | Reached XP level 2. HP: 16/19 MP: 2/2
   735 | D:1      | Reached skill level 4 in Fighting
   735 | D:1      | Reached XP level 3. HP: 24/24 MP: 3/3
  1424 | D:2      | Reached XP level 4. HP: 29/30 MP: 4/4
  1724 | D:2      | Found an ancient bone altar of Kikubaaqudgha.
  1724 | D:2      | Found a shimmering altar of Xom.
  1873 | D:3      | Found an iron altar of Okawaru.
  1894 | D:3      | Became a worshipper of Warmaster Okawaru
  2142 | D:3      | Found a hazy altar of Hepliaklqana.
  2142 | D:3      | Found a radiant altar of Vehumet.
  2712 | D:4      | Reached XP level 5. HP: 34/34 MP: 5/5
  2743 | D:4      | Noticed an ogre
  2755 | D:4      | Slain by an ogre

Illustrated notes

Levels and vault maps discovered:
D:1:      dpeg_arrival_simpleton_c, layout_loops_corners
D:2:      minmay_recursive_quarters, layout_loops_ring,
          gammafunk_temple_overflow_wave
D:3:      layout_loops_ring, grunt_temple_overflow_open, okawaru_gym_becter
D:4:      layout_loops_corners, uniq_natasha

Skill      XL: |  1  2  3  4 |
---------------+-------------+-----
Axes           | 2 3 |  3.4
Fighting       | 4 |  4.9
Armour         | |  3.2
Shields        | |  3.2

Action                   |  1- 3 |  4- 6 || total
-------------------------+-------+-------++-------
Melee: War axe           |   153 |    89 ||   242
Throw: Dart              |       |    18 ||    18
 Stab: Invisible         |       |     1 ||     1
  Eat: Chunk             |     2 |     4 ||     6
Armor: Scale mail        |    88 |    55 ||   143
Dodge: Dodged            |    61 |    24 ||    85
Block: Kite shield       |   101 |    58 ||   159
